AoeStats
← TheDayDollarDie

Arena

508852588Analyzed
1v1 RM · 7d ago on Sep 24, 2026· 43m 47s· 2 players
Game mode
Random Map
Map size
Tiny (2 player)
Population
200
Speed
Normal
Resources
Standard
Victory
Conquest
Starting age
Dark Age
Ending age
Imperial Age
RankedLock teamsTeams togetherTeam positionsShared explorationLock speedFull tech treeHidden civsTurbo modeCheats
Victory
Defeat
🇧🇪 Franks · Belgium
880
+16
🇫🇷 Bohemians · France
890
-16
asauw
10:53 Feudal Age
15:24 Castle Age
13:59 Double-Bit Axe
18:52 Wheelbarrow
20:45 Scale Barding Armor
20:53 Forging
20:47 Gold Mining
23:05 Stone Mining
23:57 Loom
24:01 Town Watch
24:42 Husbandry
28:51 Imperial Age
27:22 Masonry
29:10 Chain Barding Armor
28:41 Fletching
28:51 Padded Archer Armor
29:27 Iron Casting
29:54 Ballistics
29:26 Cranequins
30:40 Bow Saw
32:03 Heavy Mounted Crossbowman
34:37 Chemistry
33:51 Squires
33:15 Pikeman
37:00 Halberdier
37:48 Cavalier
43:20 Murder Holes
43:57 Architecture
43:46 Leather Archer Armor
43:26 Bodkin Arrow
44:07 Plate Barding Armor
44:32 Blast Furnace
43:49 Hand Cart
43:34 Town Patrol
TheDayDollarDie
10:29 Feudal Age
10:56 Double-Bit Axe
11:49 Wheelbarrow
12:34 Horse Collar
18:39 Castle Age
21:17 Bow Saw
23:51 Hand Cart
26:12 Imperial Age
24:14 Scale Mail Armor
24:27 Forging
23:39 Pikeman
25:53 Squires
27:32 Chemistry
26:53 Ballistics
28:42 Arson
28:21 Halberdier
29:23 Chain Mail Armor
29:43 Iron Casting
29:23 Fervor
30:49 Heavy Plow
31:52 Houfnice
33:47 Town Watch
33:50 Loom
35:40 Conscription
39:32 Plate Mail Armor
40:03 Blast Furnace
Connection lost

Rejoining the realm…

Still unreachable

The connection could not be restored.

Session expired

The server has moved on; the page needs a fresh start.